 Dungeon Crawl Stone Soup version 0.27-a0-1308-gc08437e49b (webtiles) character file.

Game seed: 11053797882428750134

144 spiderkeys the Skirmisher (level 5, -4/37 HPs)
             Began as an Octopode Abyssal Knight on June 19, 2021.
             Was a Believer of Lugonu.
             Slain by an adder (5 damage)
             ... on level 3 of the Dungeon.
             The game lasted 00:03:13 (2952 turns).

spiderkeys the Skirmisher (Octopode Abyssal Knight) Turns: 2952, Time: 00:03:13

Health: -4/37      AC:  1    Str: 12    XL:     5   Next: 27%
Magic:  4/7        EV: 13    Int: 14    God:    Lugonu [**....]
Gold:   99         SH:  0    Dex: 12    Spells: 3/4 levels left

rFire    . . .     SeeInvis .   a - +1 spear
rCold    . . .     Faith    .   (no shield)
rNeg     . . .     Spirit   .   (helmet restricted)
rPois    .         Reflect  .   (no amulet)
rElec    .         Harm     .   (no ring)
rCorr    .         Rampage  .   (no ring)
Will     .....                  (no ring)
Stlth    +++.......             (no ring)
HPRegen  0.12/turn              (no ring)
MPRegen  0.10/turn              (no ring)
                                (no ring)
                                (no ring)

@: no status effects
A: almost no armour, amphibious, 8 rings, camouflage 1, gelatinous body 1,
(nimble swimmer 1), tentacles
a: Renounce Religion, Depart the Abyss, Bend Space


You were on level 3 of the Dungeon.
You worshipped Lugonu.
Lugonu was pleased with you.
You visited 1 branch of the dungeon, and saw 3 of its levels.
You visited the Abyss 1 time.

You collected 99 gold pieces.


Innate Abilities, Weirdness & Mutations

You cannot wear most types of armour.
You are amphibious.
You can wear up to eight rings at the same time.
Your skin changes colour to match your surroundings (Stealth+).
Your rubbery body absorbs attacks. (AC +1, EV +1)
((You are camouflaged near water. (Stealth+)))
You have tentacles for arms and can constrict up to eight enemies at once.


   Skills:
 + Level 3.7 Fighting
 + Level 2.9 Polearms
 + Level 3.2 Dodging
 + Level 2.5 Stealth
 + Level 3.1 Invocations


You had 3 spell levels left.
You knew the following spells:

 Your Spells              Type           Power      Damage    Failure   Level
b - Beastly Appendage     Tmut           0%         N/A       28%         1

Your spell library contained the following spells:

 Spells                   Type           Power      Damage    Failure   Level
 Wereblood                Tmut           0%         N/A       41%         2
 Spider Form              Tmut/Pois      0%         N/A       65%         3
 Ice Form                 Ice/Tmut       0%         N/A       96%         4

Inventory:

Hand Weapons
 a - a +1 spear (weapon)
Missiles
 c - 9 sling bullets
 e - 13 bolts
 f - 85 stones
 g - 24 arrows
 j - 5 atropa-tipped darts
 k - 5 boomerangs
Wands
 i - a wand of mindburst (7)
   (You found it on level 2 of the Dungeon)
Potions
 b - 2 potions of haste {unknown}
 d - a potion of mutation {unknown}
 h - a potion of heal wounds {unknown}

Dungeon Overview and Level Annotations

Branches:
Dungeon (3/15)

Altars:

..#......### #.#
.r.........###.#
.##.........##.#
.....#.h.....#.#
.#...#.......#.#
.... #..>....#
... #.......#
.#. #.S.....#.#
#.@.......#
##hS....###
#....o#.#)....
#####.#.#.####
#o#)#.# #.#.#
.o... ≈..#.#
#.....#


You could see an orc wizard, 2 adders, 2 orcs and 2 jackals.


Message History

The helpless worm fails to defend itself.
You hit the worm but do no damage. You barely miss the worm.
Your grab misses the worm. You squeeze the worm, but do no damage.
You hit the worm. You grab the worm. You squeeze the worm.
You constrict the worm. The worm bites you! 😕 HP[-7]
You take 7 damage, and now have 25/32 hp.
MASSIVE DAMAGE!! (PAUSE)
You hit the worm. You squeeze the worm! You constrict the worm.
The worm closely misses you.
You hit the worm.
You kill the worm!
Lugonu accepts your kill. 😕 HP[+1]
A bat comes into view.
Found a stone staircase leading up.
There is a stone staircase leading down here. 😕 HP[+1]
You start resting.
You hear the slow rusting of a very distant drain. 😎 HP[+5]
Your hp is fully restored (32).
You hear the slow rusting of a distant drain.
Found a stone staircase leading down.
A rat comes into view.
An orc priest comes into view. It is wielding a +0 short sword.
The orc priest shouts!
You hear a shout!
You hear a bark! x2
An orc wizard comes into view. It is wielding a +0 dagger.
The orc priest begins to cast a cantrip, but forgets the words!
An orc comes into view.
It is wielding a +0 dagger of pain and quivering silver boomerangs.
An orc comes into view. It is wielding a +0 club.
The orc priest begins to cast a cantrip, but forgets the words!
The orc priest invokes the aid of Beogh against you.
Beogh smites you!
You hear a shout!
You hear a bark! 😮 HP[-12]
You take 12 damage, and now have 20/32 hp.
MASSIVE DAMAGE!! (PAUSE)
You hear an angry hiss.
The orc priest mumbles some strange prayers to Beogh against you.
Beogh smites you!
* * * LOW HITPOINT WARNING * * *
You hear a bark! 😱 HP[-12]
You take 12 damage, and now have 8/32 hp.
MASSIVE DAMAGE!! (PAUSE)
You hit the orc priest. You grab the orc priest. You constrict the orc priest.
The orc priest closely misses you. 😨 HP[+1]
You hit the orc priest. You constrict the orc priest.
The orc priest barely misses you.
You hit the orc priest but do no damage.
You squeeze the orc priest.
You kill the orc priest!
Lugonu accepts your kill.
You have reached level 5!
You feel agile. 😨 HP[+1] MP[+1]
You now have 37 max hp (+5).
Your mp is fully restored (7).
You closely miss the orc. You grab the orc.
You constrict the orc, but do no damage.
An adder comes into view.
You hit the orc. You constrict the orc. The orc closely misses you.
A jackal comes into view.
You barely miss the orc. You constrict the orc. The orc closely misses you.
The jackal barks!
You hit the orc.
You kill the orc!
Lugonu accepts your kill.
You hear a bark! 😨 HP[+1]
You closely miss the adder. Your grab misses the adder. The adder misses you.
Space bends around you!
You blink.
An adder and an orc come into view.
The jackal barely misses you. 😱 HP[-2] MP[-1]
You take 2 damage, and now have 9/37 hp.
You lost 1 mp, and now have 6/7 mp.
The jackal pauses to sniff the ground.
The jackal completely misses you.
A jackal comes into view. x2
The jackal moves out of view.
Space bends around you!
You blink.
A river rat and a worm come into view.
The orc wizard hits you with a +0 dagger.
* * * LOW HITPOINT WARNING * * *
A jackal comes into view.
The orc closely misses you.
A rat comes into view.
The worm moves out of view. 😱 HP[-6] MP[-1]
You take 6 damage, and now have 3/37 hp.
You lost 1 mp, and now have 5/7 mp.
Space bends around you!
You blink.
The adder closely misses you. x2; The adder bites you.
You die...

Skill      XL: |  1  2  3  4 |
---------------+-------------+-----
Stealth        | 1 2 |  2.5
Dodging        | 3 |  3.2
Invocations    | 3 |  3.1
Fighting       | |  3.7
Polearms       | |  2.9

Action                   |  1- 3 |  4- 6 || total
-------------------------+-------+-------++-------
Melee: Spear             |    75 |    72 ||   147
       Constrict         |    14 |    16 ||    30
       Tentacles         |    10 |    16 ||    26
Invok: Bend Space        |       |     3 ||     3
Evoke: Wand              |       |     2 ||     2
  Use: Scroll            |     3 |     1 ||     4
 Stab: Sleeping          |    10 |     4 ||    14
Armor: Skin              |     7 |     4 ||    11
Dodge: Dodged            |    31 |    41 ||    72

Levels and vault maps discovered:
D:1:      minmay_arrival_loop, layout_rooms,
          shapermc_ecumenical_altar_totnotflames
D:2:      layout_loops_ring, serial_rivers, chequers_serial_rivers_large_b,
          chequers_serial_rivers_small_b, chequers_serial_rivers_room_b,
          chequers_serial_rivers_small_b, chequers_serial_rivers_room_b,
          uniq_robin
D:3:      layout_basic, lightli_sewer_entry_pipes

Notes
Turn   | Place    | Note
-------+----------+-------------------------------------------
     0 | Abyss:1  | spiderkeys the Octopode Abyssal Knight began the quest for
                  | the Orb.
     0 | Abyss:1  | Reached XP level 1. HP: 16/16 MP: 2/2
     0 | Abyss:1  | magus.rc [v1.9.10]
     1 | Abyss:1  | Found a corrupted altar of Lugonu.
    95 | Abyss:1  | Reached XP level 2. HP: 8/21 MP: 3/3
   384 | Abyss:1  | Found a corrupted altar of Lugonu.
   406 | Abyss:1  | Found a corrupted altar of Lugonu.
   507 | Abyss:1  | Found a corrupted altar of Lugonu.
   563 | D:1      | You pass through the gate.
   563 | D:1      | Escaped the Abyss
   862 | D:1      | Reached XP level 3. HP: 24/26 MP: 4/4
   926 | D:1      | Reached skill level 1 in Stealth
  1130 | D:1      | Found a faded altar of an unknown god.
  1234 | D:1      | You pick up a book of Changes and begin reading...
  1234 | D:1      | You add the spells Beastly Appendage, Wereblood, Spider
                  | Form and Ice Form to your library.
  1312 | D:1      | Learned a level 1 spell: Beastly Appendage
  1350 | D:2      | Reached ** piety under Lugonu
  1510 | D:2      | Reached XP level 4. HP: 18/31 MP: 4/6
  1735 | D:2      | Noticed Robin
  1749 | D:2      | HP: 7/31 [goblin[Robin] (6)]
  1761 | D:2      | HP: 7/31 [goblin[Robin] (2)]
  2054 | D:2      | Reached skill level 3 in Dodging
  2060 | D:2      | Killed Robin
  2061 | D:2      | Reached skill level 2 in Stealth
  2529 | D:2      | Reached skill level 3 in Invocations
  2939 | D:3      | HP: 8/32 [orc priest/divine providence (12)]
  2943 | D:3      | Reached XP level 5. HP: 10/37 MP: 7/7
  2951 | D:3      | HP: 3/37 [orc wizard (4)]
  2952 | D:3      | Slain by an adder

Vanquished Creatures
  An orc priest (D:3)
  Robin (D:2)
  2 adders (D:2)
  A white imp (Abyss:1)
  A worm (D:3)
  2 dart slugs (D:1)
  4 orcs
  9 endoplasms
  3 giant cockroaches (D:1)
  13 goblins
  4 hobgoblins
  2 kobolds
  4 quokkas
  3 ball pythons
  7 bats
  4 frilled lizards
  2 rats (D:2)
63 creatures vanquished.

Table legend:
 A = Non-vault XP
 B = Vault XP
 C = Vault XP percentage of total XP
 D = Non-vault monster count
 E = Vault monster count
 F = Vault count percentage of total count
                 A         B        C        D         E       F
            +---------+---------+-------+---------+---------+-------
      Total |     167 |      40 |  19.3 |      50 |      13 |  20.6
            +---------+---------+-------+---------+---------+-------
        D:1 |      39 |       6 |  13.3 |      20 |       3 |  13.0
        D:2 |      69 |      34 |  33.0 |      26 |      10 |  27.8
        D:3 |      49 |       0 |   0.0 |       3 |       0 |   0.0
    Abyss:1 |      10 |       0 |   0.0 |       1 |       0 |   0.0
            +---------+---------+-------+---------+---------+-------

Illustrated notes

Table legend:
 A = Kills in this place as a percentage of kills in entire the game.
 B = Kills by you in this place as a percentage of kills by you in the entire game.
 C = Kills by friends in this place as a percentage of kills by friends in the entire game.
 D = Other kills in this place as a percentage of other kills in the entire game.
 E = Experience gained in this place as a percentage of experience gained in the entire game.
 F = Experience gained in this place divided by the number of levels of this place that you have seen.
                   A       B       C       D       E      F
               +-------+-------+-------+-------+-------+----------------------
         Total | 100.0 | 100.0 |   N/A |   N/A | 100.0 |  51.8
       Dungeon |  98.4 |  98.4 |   N/A |   N/A |  95.2 |  65.7
         Abyss |   1.6 |   1.6 |   N/A |   N/A |   4.8 |  10.0
               +-------+-------+-------+-------+-------+----------------------

Table legend: (Time is in decaauts)
 A = Elapsed time spent in this place.
 B = Non-inter-level travel time spent in this place.
 C = Inter-level travel time spent in this place.
 D = Time resting spent in this place.
 E = Time spent auto-exploring this place.
 F = Levels seen in this place.
 G = Mean time per level.
                   A        B        C        D        E       F      G
               +--------+--------+--------+--------+--------+-----+--------+
         Total |   2950 |   2890 |     60 |    399 |   2070 |   4 |  737.5 |
       Dungeon |   2387 |   2327 |     60 |    399 |   1540 |   3 |  795.7 |
         Abyss |    563 |    563 |      0 |      0 |    530 |   1 |  563.0 |
               +--------+--------+--------+--------+--------+-----+--------+

Top non-repeatable levels by time:
     D:2: 1187 daAuts
     D:1: 1070 daAuts
 Abyss:1: 563 daAuts
     D:3: 129 daAuts
